 Dungeon Crawl Stone Soup version 0.22.0-38-g04b72b8c25 (webtiles) character file.

1433263 AIAndy the Sorcerer (level 27, 246/246 HPs)
             Began as a Purple Draconian Fire Elementalist on Aug 26, 2018.
             Was the Champion of Nemelex Xobeh.
             Escaped with the Orb
             ... and 3 runes on Aug 30, 2018!
             The game lasted 13:45:41 (107972 turns).

AIAndy the Sorcerer (DrFE)                        Turns: 107972, Time: 13:45:42

Health: 246/246    AC: 32    Str: 15    XL:     27
Magic:  43/67      EV: 23    Int: 26    God:    Nemelex Xobeh [******]
Gold:   5188       SH:  8    Dex: 17    Spells: 23/71 levels left

rFire    . . .     SeeInvis +   a - +9 fustibalus (freeze)
rCold    . . .     Gourm    .   I - +3 buckler {AC+3}
rNeg     . . .     Faith    +   (armour unavailable)
rPois    .         Spirit   .   U - +2 hat {SInv}
rElec    .         Reflect  .   d - +4 dragonskin cloak
rCorr    .         Harm     .   n - +2 pair of gloves {Str+3}
MR       ++++.                  q - +2 pair of boots {Fly}
Stlth    +.........             H - amulet of faith {!P}
HPRegen  0.51/turn              Q - ring "Zegib" {MP+9 AC+2 Int-2 Dex+5 SInv}
MPRegen  0.40/turn              S - ring of the Octopus King {MP+9 AC+1 EV+1 Str+1 Int+1 Dex+1}

@: flying
A: breathe power, unfitting armour, claws 1, clumsy 1, cold-blooded, AC +13
0: Orb of Zot
}: 3/15 runes: decaying, serpentine, silver
a: Breathe Dispelling Energy, Triple Draw, Deal Four, Stack Five, Renounce
Religion, Stop Flying


You escaped.
You worshipped Nemelex Xobeh.
Nemelex Xobeh was exalted by your worship.
You were not hungry.

You visited 10 branches of the dungeon, and saw 50 of its levels.
You visited 1 bazaar.
You also visited: Trove, Sewer and Ice Cave.

You collected 9129 gold pieces.
You spent 3941 gold pieces at shops.


Innate Abilities, Weirdness & Mutations

You can breathe bolts of dispelling energy.
Your rich purple scales are hard. (AC +13)
You cannot fit into any form of body armour.
You are cold-blooded and may be slowed by cold attacks.
You have sharp fingernails.
You are clumsy. (Dex -2)


   Skills:
 + Level 20.0 Fighting
 + Level 9.3 Polearms
 - Level 14.0 Slings
 + Level 12.6 Dodging
 - Level 1.7 Stealth
 - Level 4.0 Shields
 + Level 22.8 Spellcasting
 - Level 18.4 Conjurations
 - Level 11.1 Summonings
 - Level 21.7 Fire Magic
 - Level 5.0 Air Magic
 - Level 8.0 Earth Magic
 - Level 17.2 Invocations


You had 23 spell levels left.
You knew the following spells:

 Your Spells              Type           Power        Failure   Level  Hunger
b - Fireball              Conj/Fire      #######...   0%          5    None
c - Conjure Flame         Conj/Fire      #######.     0%          3    None
e - Regeneration          Chrm/Necr      ####......   3%          3    None
n - Ignition              Fire           #######...   1%          8    #####..
o - Ozocubu's Armour      Chrm/Ice       ####....     3%          3    None
s - Iron Shot             Conj/Erth      #######...   1%          6    None
t - Lightning Bolt        Conj/Air       ######....   1%          5    None
v - Spellforged Servitor  Conj/Summ      #######...   2%          7    ###....
z - Bolt of Fire          Conj/Fire      #######...   1%          6    None
I - Blink                 Tloc           N/A          1%          2    None

Your spell library contained the following spells:

 Spells                   Type           Power        Failure   Level  Hunger
 Flame Tongue             Conj/Fire      #####        0%          1    None
 Shock                    Conj/Air       ####         0%          1    None
 Summon Butterflies       Summ           ######..     0%          1    None
 Summon Small Mammal      Summ           ####         0%          1    None
 Throw Flame              Conj/Fire      ######       0%          2    None
 Sticky Flame             Conj/Fire      #######.     0%          4    None
 Animate Skeleton         Necr           N/A          1%          1    None
 Apportation              Tloc           ####..       1%          1    None
 Beastly Appendage        Tmut           ####..       1%          1    None
 Confusing Touch          Hex            ####..       1%          1    None
 Corona                   Hex            ####...      1%          1    None
 Infusion                 Chrm           ####         1%          1    None
 Sting                    Conj/Pois      ####         1%          1    None
 Call Imp                 Summ           ######..     1%          2    None
 Corpse Rot               Necr           N/A          1%          2    None
 Ensorcelled Hibernation  Hex/Ice        ####..       1%          2    None
 Poisonous Vapours        Pois/Air       #####.       1%          2    None
 Shroud of Golubria       Chrm/Tloc      ####......   1%          2    None
 Slow                     Hex            ####....     1%          2    None
 Song of Slaying          Chrm           ####....     1%          2    None
 Sticks to Snakes         Tmut           ####....     1%          2    None
 Sublimation of Blood     Necr           ####......   1%          2    None
 Swiftness                Chrm/Air       #####...     1%          2    None
 Call Canine Familiar     Summ           ######..     1%          3    None
 Dazzling Spray           Conj/Hex       ######       1%          3    None
 Ignite Poison            Fire/Tmut/Pois ######..     1%          3    None
 Inner Flame              Hex/Fire       ######..     1%          3    None
 Mephitic Cloud           Conj/Pois/Air  ######..     1%          3    None
 Recall                   Summ/Tloc      N/A          1%          3    None
 Static Discharge         Conj/Air       ######..     1%          3    None
 Summon Guardian Golem    Hex/Summ       ######..     1%          3    None
 Airstrike                Air            ######....   1%          4    None
 Summon Ice Beast         Ice/Summ       ######..     1%          4    None
 Summon Lightning Spire   Summ/Air       ######..     1%          4    None
 Bolt of Draining         Conj/Necr      ######....   1%          5    None
 Bolt of Magma            Conj/Fire/Erth #######...   1%          5    None
 Irradiate                Conj/Tmut      ######....   1%          5    None
 Iskenderun's Battlesphe  Conj/Chrm      ######..     1%          5    None
 Summon Demon             Summ           ######....   1%          5    None
 Venom Bolt               Conj/Pois      ######....   1%          5    None
 Shadow Creatures         Summ           N/A          1%          6    None
 Orb of Destruction       Conj           #######...   1%          7    ###....
 Leda's Liquefaction      Hex/Erth       ######....   2%          4    None
 Confuse                  Hex            ####....     3%          3    None
 Gell's Gravitas          Tloc           ####......   3%          3    None
 Lesser Beckoning         Tloc           ####......   3%          3    None
 Portal Projectile        Hex/Tloc       ####..       3%          3    None
 Spectral Weapon          Hex/Chrm       ####....     3%          3    None
 Spider Form              Tmut/Pois      ####......   3%          3    None
 Teleport Other           Tloc           ####....     3%          3    None
 Tukima's Dance           Hex            ####....     3%          3    None
 Summon Mana Viper        Hex/Summ       ######..     3%          5    None
 Borgnjor's Vile Clutch   Necr/Erth      ######....   7%          5    None
 Freezing Cloud           Conj/Ice/Air   ######....   8%          6    None
 Summon Hydra             Summ           ######....   11%         7    ###....
 Animate Dead             Necr           N/A          12%         4    None
 Cause Fear               Hex            ####......   12%         4    None
 Ice Form                 Ice/Tmut       ####....     12%         4    None
 Olgreb's Toxic Radiance  Pois           ####....     12%         4    None
 Silence                  Hex/Air        #####.....   12%         5    None
 Ring of Flames           Chrm/Fire      ######....   12%         7    ###....
 Agony                    Necr           ####....     34%         5    None
 Blade Hands              Tmut           ####......   34%         5    None
 Dispel Undead            Necr           ####....     34%         5    None
 Excruciating Wounds      Chrm/Necr      ####......   34%         5    None
 Yara's Violent Unravell  Hex/Tmut       ####......   34%         5    None
 Statue Form              Tmut/Erth      ######...    36%         6    None
 Deflect Missiles         Chrm/Air       #####.....   56%         6    None
 Death Channel            Necr           ####......   88%         6    None
 Simulacrum               Ice/Necr       ####......   88%         6    None
 Discord                  Hex            ####......   100%        8    #####..
 Shatter                  Erth           ######....   100%        9    ######.
 Tornado                  Air            ######....   100%        9    ######.
 Passage of Golubria      Tloc           Unusable     N/A         4    N/A

Inventory:

Hand Weapons
 a - a +9 fustibalus of freezing (weapon)
 b - a +4 demon trident of electrocution
 e - the +1 scimitar of Bidammic {holy, rElec rC+++ Str-2 Int+5}
   (You took it off a deep elf mage on level 5 of the Vaults)

   It has been blessed by the Shining One to cause great damage to the undead
   and demons.
   It affects your strength (-2).
   It affects your intelligence (+5).
   It renders you almost immune to cold.
   It insulates you from electricity.
 w - the +10 spear of the Lurker {pierce, rElec rF++ rC- Stlth+}
   (You found it on level 3 of the Lair of Beasts)

   It inflicts extra damage upon your enemies.
   It greatly protects you from fire.
   It makes you vulnerable to cold.
   It insulates you from electricity.
   It makes you more stealthy.
Missiles
 i - 272 sling bullets (quivered)
Armour
 d - the +4 dragonskin cloak (worn)
   (You took it off Tiamat on level 1 of the Realm of Zot)
 n - a +2 pair of gloves of strength (worn)
 p - a scarf of cloud immunity
 q - a +2 pair of boots of flying (worn)
 I - a +3 buckler of protection (worn)
 U - a +2 hat of see invisible (worn)
Jewellery
 H - an amulet of faith (around neck) {!P}
 Q - the ring "Zegib" (left hand) {MP+9 AC+2 Int-2 Dex+5 SInv}
   (You took it off a deep elf archer on level 3 of the Elven Halls)

   [ring of protection]

   It affects your AC (+2).
   It affects your intelligence (-2).
   It affects your dexterity (+5).
   It affects your magic capacity (+9).
   It lets you see invisible.
 S - a ring of the Octopus King (right hand) {MP+9 AC+1 EV+1 Str+1 Int+1 Dex+1}
   (You found it on level 5 of the Lair of Beasts)

   [ring of magical power]

   It affects your AC (+1).
   It affects your evasion (+1).
   It affects your strength (+1).
   It affects your intelligence (+1).
   It affects your dexterity (+1).
   It affects your magic capacity (+9).
Wands
 c - a wand of acid (34)
 K - a wand of iceblast (78)
 R - a wand of clouds (7)
 V - a wand of digging (26)
 Y - a wand of paralysis (31)
Scrolls
 f - 19 scrolls of teleportation {@r4}
 g - 18 scrolls of remove curse {@r2}
 h - a scroll of holy word
 o - 8 scrolls of fog
 r - 6 scrolls of blinking
 C - 22 scrolls of identify {@r1}
 G - 3 scrolls of fear
 J - 2 scrolls of summoning
 P - 5 scrolls of magic mapping
Potions
 k - 6 potions of resistance
 l - 8 potions of might
 m - 7 potions of magic
 v - 6 potions of haste {@q3}
 x - 13 potions of brilliance
 z - 24 potions of curing {@q1}
 A - 4 potions of heal wounds {@q2}
 D - 3 potions of mutation {!q}
 M - 3 potions of cancellation
 N - 6 potions of invisibility
 T - 4 potions of agility
Miscellaneous
 j - an ornate deck of escape
 t - a legendary deck of summoning
 u - a legendary deck of destruction
 y - a legendary deck of destruction
 B - a legendary deck of destruction
 E - a legendary deck of summoning
 F - a legendary deck of escape {drawn: 2}
 L - a legendary deck of destruction {drawn: 12}
 W - an ornate deck of destruction
 X - a legendary deck of destruction
 Z - a legendary deck of summoning {drawn: 4}
Comestibles
 s - 26 rations {@e1}

Dungeon Overview and Level Annotations

Branches:
Dungeon (15/15)            Temple (1/1) D:6            Lair (6/6) D:9
  Swamp (4/4) Lair:3        Snake (4/4) Lair:4        Slime (0/5) Lair:6
    Orc (2/2) D:12            Elf (3/3) Orc:2        Vaults (5/5) D:13
  Crypt (0/3) Vaults:2     Depths (5/5) D:15            Zot (5/5) Depths:5

Altars:
Ashenzari
Cheibriados
Dithmenos
Elyvilon
Fedhas
Gozag
Hepliaklqana
Kikubaaqudgha
Makhleb
Nemelex Xobeh
Okawaru
Qazlal
Ru
Sif Muna
Trog
Uskayaw
Vehumet
Wu Jian
Xom
Yredelemnul
Zin
The Shining One
Lugonu

Shops:
D:7 !   D:14 =(*?   Orc:1 =[*?(   Orc:2 [:(*   Elf:2 %   Snake:3 (*}%
Vaults:1 *   Vaults:4 ?   Zot:3 *   Depths:1 (=

Portals:
Hell: Depths:1 Depths:2 Depths:3 Depths:4 Depths:5
Abyss: Depths:1 Depths:3 Depths:4
Pandemonium: Depths:2 Depths:3
Ziggurat: Depths:4

Annotations:
Swamp:1 2 runed doors, P0WERM0DE's ghost, journeyman DDFi
Elf:2 5 runed doors
Depths:3 2 runed doors, Wient's ghost, veteran HaFi
Zot:5 1 runed door, btonasse's ghost, veteran DDFi

###########.......#
▓░▓░▓░▓#.....#######
░.....░#...###
▓.....▓#.≈.#
░.....░#.≈.#
▓.....'..≈.#
░.....░#.≈.#
▓.....▓#...#
░..@..░#...#
▓.....▓#.8.#
░▓░▓░▓░#...# #####


There were no monsters in sight!


Message History

The bolt of fire hits the Orb Guardian.
The Orb Guardian is heavily wounded.
Casting: Bolt of Fire (safe; 1% risk of failure)
Confirm with . or Enter, or press ? or * to list all spells.
Aiming: Bolt of Fire (safe; 1% risk of failure)
Press: ? - help, Shift-Dir - straight line, f/p - Orb Guardian
Aim: an Orb Guardian (heavily wounded)
The bolt of fire hits the Orb Guardian.
The Orb Guardian is severely wounded.
Casting: Bolt of Fire (safe; 1% risk of failure)
Confirm with . or Enter, or press ? or * to list all spells.
Aiming: Bolt of Fire (safe; 1% risk of failure)
Press: ? - help, Shift-Dir - straight line, f/p - Orb Guardian
Aim: an Orb Guardian (severely wounded)
The bolt of fire hits the Orb Guardian.
You kill the Orb Guardian!
A neqoxec comes into view.
Really attack while wielding your +9 fustibalus of freezing?
Okay, then.
Casting: Bolt of Fire (safe; 1% risk of failure)
Confirm with . or Enter, or press ? or * to list all spells.
Aiming: Bolt of Fire (safe; 1% risk of failure)
Press: ? - help, Shift-Dir - straight line, f - neqoxec
Aim: a neqoxec The bolt of fire hits the neqoxec.
You kill the neqoxec!
There is an open door here.
There is a staircase leading out of the dungeon here.
Unknown command.
You have escaped!

Skill      XL: |  1  2  3  4  5  6  7  8  9 10 11 12 13 14 15 16 17 18 19 20 21 22 23 24 25 26 27 |
---------------+----------------------------------------------------------------------------------+-----
Conjurations   | 2 3 4 5 7 9 10 11 12 13 14 15 16 17 18 | 18.4
Fire Magic     | 4 5 6 7 9 10 11 12 13 14 15 18 19 20 21 | 21.7
Fighting       | 1 2 3 4 7 8 10 11 12 13 14 15 16 17 19 20 | 20.0
Invocations    | 1 2 4 5 7 9 10 12 14 15 16 17 | 17.2
Spellcasting   | 3 4 5 7 8 10 12 14 16 17 18 19 20 22 | 22.8
Dodging        | 3 5 7 8 9 10 12 | 12.6
Shields        | 4 |  4.0
Air Magic      | 3 5 |  5.0
Slings         | 2 4 5 6 8 12 13 14 | 14.0
Polearms       | 2 3 5 9 |  9.3
Earth Magic    | 2 5 8 |  8.0
Summonings     | 1 6 9 11 | 11.1
Stealth        | |  1.7

Action                   |  1- 3 |  4- 6 |  7- 9 | 10-12 | 13-15 | 16-18 | 19-21 | 22-24 | 25-27 || total
-------------------------+-------+-------+-------+-------+-------+-------+-------+-------+-------++-------
Melee: Spear             |    20 |    33 |   114 |   192 |   270 |    68 |   134 |    11 |     7 ||   849
       Tailslap          |     1 |     2 |     8 |    10 |    31 |     3 |    14 |     2 |     4 ||    75
       Demon trident     |       |       |       |       |       |       |    12 |    18 |    32 ||    62
       Scimitar          |       |       |       |       |       |       |       |       |     8 ||     8
 Fire: Hunting sling     |    10 |    64 |    92 |   114 |   114 |    59 |       |       |       ||   453
       Fustibalus        |       |       |       |       |       |    49 |   153 |   125 |   103 ||   430
Throw: Stone             |     1 |       |       |       |       |       |       |       |       ||     1
 Cast: Flame Tongue      |    62 |    61 |   209 |   211 |       |       |       |       |       ||   543
       Conjure Flame     |       |     6 |    23 |    38 |    19 |     5 |     3 |     3 |       ||    97
       Throw Flame       |       |     1 |     3 |   288 |   644 |   388 |    24 |     8 |       ||  1356
       Fireball          |       |       |     3 |    32 |   245 |   474 |   528 |   170 |    50 ||  1502
       Lightning Bolt    |       |       |       |       |       |    42 |    43 |    10 |       ||    95
       Regeneration      |       |       |       |       |       |     2 |     1 |       |       ||     3
       Ignition          |       |       |       |       |       |    13 |    35 |    23 |    36 ||   107
       Bolt of Fire      |       |       |       |       |       |     7 |    78 |   208 |   363 ||   656
       Iron Shot         |       |       |       |       |       |       |       |    48 |   127 ||   175
       Ozocubu's Armour  |       |       |       |       |       |       |       |       |     5 ||     5
       Blink             |       |       |       |       |       |       |       |       |     6 ||     6
       Spellforged Servi |       |       |       |       |       |       |       |       |     3 ||     3
 Abil: Breathe Dispellin |       |       |       |       |       |       |     1 |     1 |     1 ||     3
       Stop Flying       |       |       |       |       |       |       |       |     1 |       ||     1
       Evoke Flight      |       |       |       |       |       |       |       |       |     1 ||     1
Evoke: Deck              |       |     6 |     9 |    27 |    47 |    46 |    55 |    45 |    80 ||   315
       Wand              |       |       |     1 |     3 |     8 |     7 |       |       |       ||    19
  Use: Scroll            |       |       |     9 |    12 |    11 |     9 |    19 |     9 |     7 ||    76
       Potion            |       |       |     1 |     1 |     4 |     3 |     1 |     4 |     3 ||    17
 Stab: Sleeping          |     2 |       |       |       |       |     1 |     1 |       |       ||     4
       Distracted        |       |       |       |       |     1 |       |     1 |       |       ||     2
       Paralysed         |       |       |       |       |       |       |       |       |     1 ||     1
  Eat: Chunk             |     4 |    10 |    14 |    18 |    42 |    25 |    35 |    27 |    21 ||   196
       Ration            |       |       |     1 |     6 |    15 |    19 |    14 |    12 |    14 ||    81
Armor: Skin              |     8 |    10 |    17 |    78 |   136 |   117 |    74 |    54 |   105 ||   599
Dodge: Dodged            |    23 |    36 |    70 |   177 |   276 |   163 |   141 |   133 |   193 ||  1212
Block: Buckler           |       |       |       |       |    75 |    62 |    71 |    71 |    81 ||   360
       Rpst.: Scimitar   |       |       |       |       |       |       |       |       |    10 ||    10

Vault maps used:
D:1:      dpeg_arrival_rooms_c, nemelex_diamond_rough_becter
D:2:      nemelex_altar_shiori, first_ration, minmay_misc_feat_square,
          hangedman_ru_absence
D:3:      kennysheep_six_static_rooms, ashenzari_altar_1, st_stairs_2,
          nicolae_tso_carved_into_rock, uniq_grinder, uniq_sigmund, uniq_natasha
D:4:      overflow_temple_1_default, amethyst_overflow_temple_binary
D:5:      yredelemnul_forgotten_temple_becter
D:6:      temple_pool_b, cheibrodos_sewer_entry_bend, uniq_crazy_yiuf_cottage
D:7:      serial_shops, shop, serial_curves, eino_curves_04, eino_curves_02
D:8:      cheibrodos_quashed, kennysheep_mini_moat, marbit_many_paths,
          grunt_temple_overflow_open, uniq_grum, uniq_maurice
D:9:      old_standard_altar, lemuel_mausoleum_altar_kikubaaqudgha,
          old_standard_altar, david_lair_generic, minmay_misc_feat_nine_boxes,
          hangedman_little_slice_of_home
D:11:     nicolae_trove_entry_free_sample, uniq_erolcha
D:12:     david_orc_4, bh_walls_and_bars, uniq_fannar
D:13:     hangedman_vaults_entry_quadrant_bands
D:14:     serial_shops, nicolae_shop_crystal, shop, shop, shop,
          serial_bayou_pond_e, minmay_misc_feat_more_columns, uniq_josephine
D:15:     grunt_enter_depths_giant_problem, serial_ice, serial_ice_e,
          serial_ice_j, serial_ice_c, serial_ice_d, serial_ice_m, serial_ice_a,
          minmay_misc_feat_columns
Temple:   jpeg_temple_island
Lair:1:   special_room, grunt_megastairs_2
Lair:3:   minmay_swamp_entry_reptiles
Lair:4:   guppyfry_snake_entry_island, disabler_island, grunt_megastairs_5
Lair:5:   ebering_ghost_disaster_area, lemuel_fruit_fields, lemuel_fruit_tree,
          serial_bayou_shore_b
Lair:6:   due_jungle_book, minmay_slime_entry_pillars, serial_bayou_lagoon_a,
          st_stairs_6, minivault_25, grunt_forest_small_clearings,
          serial_bayou_shore_b, serial_bayou_shore_b
Swamp:1:  ebering_ghost_disaster_area, infiniplex_staircase_pool, swamp_pool3
Swamp:2:  nicolae_swamp_very_dense_foliage, infiniplex_staircase_pool_2
Swamp:3:  evilmike_swamp_ruin_house_5
Swamp:4:  swamp_alternative
Snake:2:  uniq_vashnia
Snake:3:  serial_shops, shop, nicolae_shop_stone, nicolae_shop_window_shopping,
          shop_coins, nicolae_shop_behind_doors
Snake:4:  grunt_snake_rune_serpentine_throne, basic_altar, uniq_agnes
Orc:1:    basic_altar, serial_shops, nicolae_shop_competitors_out_of_business,
          shop, shop_fountains, shop, shop, nicolae_orc_pool_cavern,
          uniq_gastronok
Orc:2:    grunt_orc_gardens, grunt_orc_garden, grunt_orc_garden,
          grunt_orc_garden, grunt_orc_garden, uniq_sonja, uniq_donald
Elf:1:    minmay_elf_arrival_plus, portal_ice_cave_entry_pillars_four,
          minmay_elf_necromancy
Elf:2:    serial_shops, nicolae_shop_window_shopping
Elf:3:    minmay_elf_hall_not_hex, serial_shops, bzr_entry_road,
          grunt_ministairs_7, minmay_elf_demonology
Vaults:1: v_misc_25, v_misc_23, nicolae_vaults_octagons,
          nicolae_vaults_little_squares_3, v_misc_17,
          nicolae_vaults_sealed_display, ontoclasm_vaults_ligature,
          serial_shops, shop
Vaults:2: hangedman_vaults_maws, nicolae_vaults_circle_grid_a, v_misc_19,
          v_misc_12, nicolae_vaults_c_with_doors, grunt_vaults_swirl,
          minmay_crypt_entry_necro_gods, nicolae_vaults_little_squares_4,
          ontoclasm_vaults_bender, v_misc_26, nicolae_vaults_shelves_hall,
          v_pattern_3, nicolae_vaults_diagonal_hallway_9,
          nicolae_vaults_little_squares_6
Vaults:3: nicolae_vaults_triangles, v_misc_10, ontoclasm_vaults_idyll,
          hangedman_vaults_nails, hangedman_vaults_impose,
          vaults_room_semicircle, v_misc_16, nicolae_vaults_hallways_thing,
          st_more_cells, nicolae_vaults_twisting_passages,
          ontoclasm_vaults_tryst, nicolae_vaults_network_barrier,
          ontoclasm_vaults_ring_large, nicolae_vaults_asterisk,
          nicolae_vaults_diagonal_hallway_9, v_misc_14
Vaults:4: grunt_vaults_focal, vaults_room_boxed, hangedman_vaults_restitches,
          grunt_vaults_hallway_short, v_misc_25, hangedman_vaults_river_flow,
          vaults_mumra_minichess, nicolae_vaults_theta, hangedman_vaults_maws,
          v_misc_5, serial_shops, shop, basic_altar
Vaults:5: serial_shops
Depths:1: minmay_misc_feat_cross, pf_hell_entry_great_geh, abyss_entry,
          serial_shops, nicolae_shop_stone, patterned_corridor,
          minmay_shop_star, kennysheep_random_hallway
Depths:2: evilmike_iron_armoury, hell_entry, rand_demon_pan_entry_1
Depths:3: due_chaos_kobolds, hell_entry, minmay_misc_feat_chi,
          ebering_ghost_disaster_area, rand_demon_pan_entry_4,
          infiniplex_staircase_hallway_doors, firewood_loft, uniq_boris,
          uniq_nikola
Depths:4: minmay_distorted_concentric_squares, enter_ziggurat_d, hell_entry,
          abyss_entry, serial_bayou_shore_a, infiniplex_staircase_diamond
Depths:5: grunt_bruiser_brothers, hell_entry, hangedman_abyss_or_decor_clamps,
          uniq_sojobo
Zot:1:    uniq_tiamat
Zot:2:    hangedman_orp_of_zott
Zot:3:    nicolae_transmutations_shop, basic_stair_grate_trap
Zot:4:    nicolae_zot_stationary_front
Zot:5:    ebering_ghost_xom
Bazaar:   bazaar_minmay_cross
Trove:    trove_books_scrolls
Sewer:    sewer_co_scattered_pipes
IceCv:    ice_cave_statue_garden_chambered

Notes
Turn   | Place    | Note
-------+----------+-------------------------------------------
     0 | D:1      | AIAndy the Draconian Fire Elementalist began the quest for the Orb.
     0 | D:1      | Reached XP level 1. HP: 14/14 MP: 3/3
   193 | D:1      | Reached XP level 2. HP: 18/20 MP: 3/5
   197 | D:1      | Learned a level 2 spell: Throw Flame
   544 | D:1      | Reached skill level 2 in Conjurations
   711 | D:1      | Found a sparkling altar of Nemelex Xobeh.
   715 | D:1      | Became a worshipper of Nemelex Xobeh the Trickster
   995 | D:2      | Reached XP level 3. HP: 26/26 MP: 6/6
  1000 | D:2      | Learned a level 3 spell: Conjure Flame
  1339 | D:2      | Found a sacrificial altar of Ru.
  1473 | D:2      | Found a sparkling altar of Nemelex Xobeh.
  1552 | D:2      | Reached skill level 4 in Fire Magic
  1574 | D:2      | Received a gift from Nemelex Xobeh
  1791 | D:3      | Reached * piety under Nemelex Xobeh
  1803 | D:3      | Found a shattered altar of Ashenzari.
  1941 | D:3      | Noticed Sigmund
  1986 | D:3      | Reached XP level 4. HP: 33/33 MP: 7/7
  2019 | D:3      | Received a gift from Nemelex Xobeh
  2110 | D:3      | Noticed Grinder
  2114 | D:3      | Noticed Grinder
  2114 | D:3      | Grinder changed into Grinder the quasit
  2122 | D:3      | Killed Grinder the quasit
  2122 | D:3      | Reached skill level 1 in Fighting
  2122 | D:3      | Reached skill level 3 in Conjurations
  2122 | D:3      | Reached skill level 1 in Invocations
  2271 | D:3      | Reached XP level 5. HP: 40/40 MP: 8/8
  2619 | D:3      | Noticed Natasha
  2622 | D:3      | Noticed an insubstantial wisp
  2624 | D:3      | Found a glowing golden altar of the Shining One.
  2629 | D:3      | Killed Natasha
  3315 | D:4      | Reached ** piety under Nemelex Xobeh
  3431 | D:4      | Found a hide-covered altar of Uskayaw.
  3431 | D:4      | Found a burning altar of Makhleb.
  3565 | D:4      | Found a snail-covered altar of Cheibriados.
  3713 | D:4      | Reached skill level 2 in Fighting
  3713 | D:4      | Reached skill level 2 in Invocations
  3850 | D:5      | Entered Level 5 of the Dungeon
  3870 | D:5      | Found a basalt altar of Yredelemnul.
  3926 | D:5      | Received a gift from Nemelex Xobeh
  3926 | D:5      | Noticed a centaur
  3937 | D:5      | Killed a centaur
  3937 | D:5      | Reached XP level 6. HP: 9/48 MP: 9/9
  4321 | D:5      | Reached skill level 4 in Conjurations
  4321 | D:5      | Reached skill level 5 in Fire Magic
  4472 | D:5      | Reached skill level 3 in Spellcasting
  4559 | D:5      | Your scales start taking on a rich purple colour.
  4559 | D:5      | Reached XP level 7. HP: 55/55 MP: 12/12
  4594 | D:5      | Learned a level 5 spell: Fireball
  4680 | D:5      | Noticed an ice devil
  4690 | D:5      | Reached skill level 5 in Conjurations
  4701 | D:5      | Reached skill level 6 in Fire Magic
  5384 | D:6      | Found a glowing drain.
  5413 | Sewer    | Entered a sewer
  5413 | Sewer    | Received a gift from Nemelex Xobeh
  6161 | D:6      | Reached XP level 8. HP: 61/61 MP: 13/13
  6231 | D:6      | Reached skill level 4 in Spellcasting
  6231 | D:6      | Reached skill level 6 in Conjurations
  6442 | D:6      | Reached skill level 3 in Fighting
  6442 | D:6      | Reached skill level 3 in Invocations
  6461 | D:6      | Reached skill level 7 in Fire Magic
  6596 | D:6      | Found a staircase to the Ecumenical Temple.
  6726 | D:6      | Found a runed door.
  6770 | D:6      | Reached *** piety under Nemelex Xobeh
  6993 | D:6      | Noticed Crazy Yiuf
  7000 | D:6      | Killed Crazy Yiuf
  7089 | D:6      | Noticed a rust devil
  7322 | Temple   | Entered the Ecumenical Temple
  7609 | D:7      | Found Ucwufiaf's Distillery.
  7612 | D:7      | Received a gift from Nemelex Xobeh
  7622 | D:7      | Bought a potion of agility for 52 gold pieces
  7622 | D:7      | Bought a potion of curing for 39 gold pieces
  7653 | D:7      | Reached skill level 7 in Conjurations
  7918 | D:7      | Reached skill level 4 in Invocations
  7918 | D:7      | Reached XP level 9. HP: 62/69 MP: 15/15
  7973 | D:7      | Reached skill level 8 in Fire Magic
  8393 | D:8      | Noticed a two-headed ogre
  8410 | D:8      | Noticed Grum
  8418 | D:8      | Paralysed by a hornet for 1 turns
  8419 | D:8      | Reached skill level 8 in Conjurations
  8426 | D:8      | Killed Grum
  8434 | D:8      | Reached skill level 9 in Fire Magic
  8483 | D:8      | Noticed Maurice
  8495 | D:8      | Killed Maurice
  8495 | D:8      | Reached skill level 9 in Conjurations
  8653 | D:8      | Found a radiant altar of Vehumet.
  8910 | D:8      | Received a gift from Nemelex Xobeh
  9043 | D:8      | Reached XP level 10. HP: 77/77 MP: 10/16
  9189 | D:8      | Reached skill level 10 in Fire Magic
  9273 | D:8      | Killed a two-headed ogre
  9287 | D:8      | Reached skill level 10 in Conjurations
  9475 | D:8      | Found a bloodstained altar of Trog.
  9477 | D:8      | Reached **** piety under Nemelex Xobeh
  9478 | D:8      | Found a shadowy altar of Dithmenos.
  9478 | D:8      | Received a gift from Nemelex Xobeh
  9708 | D:8      | Found a shimmering altar of Xom.
  9819 | D:9      | Found a hazy altar of Hepliaklqana.
 10161 | D:9      | Received a gift from Nemelex Xobeh
 10224 | D:9      | Found a staircase to the Lair.
 10266 | D:9      | Noticed an elephant
 10332 | D:9      | Killed an elephant
 10439 | D:9      | Found an ornate altar of the Wu Jian Council.
 10459 | D:9      | Reached skill level 4 in Fighting
 10560 | D:9      | Received a gift from Nemelex Xobeh
 10624 | D:9      | Reached skill level 5 in Spellcasting
 10624 | D:9      | Reached skill level 5 in Invocations
 10802 | D:9      | Found an ancient bone altar of Kikubaaqudgha.
 11199 | D:10     | Entered Level 10 of the Dungeon
 11371 | D:10     | Received a gift from Nemelex Xobeh
 11877 | D:10     | Killed an unseen horror
 11877 | D:10     | Reached XP level 11. HP: 67/85 MP: 19/19
 12111 | D:10     | Reached skill level 5 in Fighting
 12111 | D:10     | Reached skill level 11 in Fire Magic
 12153 | D:10     | Reached ***** piety under Nemelex Xobeh
 12269 | D:10     | Received a gift from Nemelex Xobeh
 12789 | D:11     | Found a portal to a secret trove of treasure.
 12836 | D:11     | Noticed a cyan ugly thing
 12837 | D:11     | Noticed an alligator
 12837 | D:11     | a cyan ugly thing changed into an alligator
 12837 | D:11     | Noticed a cyan ugly thing
 12843 | D:11     | Killed an alligator
 12843 | D:11     | Reached skill level 6 in Spellcasting
 12843 | D:11     | Reached skill level 6 in Invocations
 12846 | D:11     | Killed a cyan ugly thing
 12965 | Lair:1   | Entered Level 1 of the Lair of Beasts
 13010 | Lair:1   | Received a gift from Nemelex Xobeh
 13391 | Lair:1   | Noticed a four-headed hydra
 13405 | Lair:1   | Killed a four-headed hydra
 13405 | Lair:1   | Reached skill level 6 in Fighting
 13528 | Lair:1   | Reached skill level 11 in Conjurations
 13869 | Lair:1   | Received a gift from Nemelex Xobeh
 14128 | Lair:1   | Reached skill level 7 in Invocations
 14134 | Lair:1   | Reached skill level 7 in Spellcasting
 15089 | Lair:2   | Reached skill level 7 in Fighting
 15089 | Lair:2   | Reached XP level 12. HP: 66/100 MP: 13/23
 15691 | Lair:2   | Received a gift from Nemelex Xobeh
 15700 | Lair:2   | Reached skill level 8 in Spellcasting
 15700 | Lair:2   | Reached skill level 8 in Invocations
 16289 | Lair:3   | Reached skill level 12 in Fire Magic
 16463 | Lair:3   | Reached skill level 8 in Fighting
 16792 | Lair:3   | Reached skill level 2 in Dodging
 17504 | Lair:3   | Received a gift from Nemelex Xobeh
 17557 | Lair:2   | Reached skill level 12 in Conjurations
 17765 | Lair:3   | Reached skill level 3 in Dodging
 17888 | Lair:3   | Reached skill level 9 in Invocations
 18183 | Lair:3   | Found a staircase to the Swamp.
 18215 | Lair:3   | Got a twisted spear
 18218 | Lair:3   | Identified the +10 spear of the Lurker {pierce, rElec rF++ rC- Stlth+} (You found it on level 3 of the Lair of Beasts)
 18478 | Lair:3   | Reached XP level 13. HP: 36/108 MP: 11/25
 18502 | Lair:3   | HP: 10/108 [poisoned by a spiny frog]
 18507 | Lair:3   | HP: 9/108 [poisoned by a spiny frog]
 18514 | Lair:3   | HP: 9/108 [poisoned by a spiny frog]
 18522 | Lair:3   | HP: 10/108 [poisoned by a spiny frog]
 19145 | Lair:4   | Received a gift from Nemelex Xobeh
 19154 | Lair:4   | Found a staircase to the Snake Pit.
 19166 | Lair:4   | Reached skill level 9 in Spellcasting
 19254 | Lair:4   | Reached ****** piety under Nemelex Xobeh
 19598 | Lair:4   | Received a gift from Nemelex Xobeh
 19649 | Lair:4   | Reached skill level 1 in Shields
 19831 | Lair:4   | Received a gift from Nemelex Xobeh
 20116 | Lair:4   | Received a gift from Nemelex Xobeh
 20157 | Lair:4   | Reached skill level 9 in Fighting
 20635 | Lair:5   | Reached skill level 2 in Shields
 20827 | Lair:5   | Found a large runed door.
 20829 | Lair:5   | Found a large runed door.
 20917 | Lair:5   | Noticed Fidonwoo's ghost (journeyman GrEE)
 20918 | Lair:5   | Found the ring of the Octopus King
 21261 | Lair:5   | Identified a scarf of resistance (You found it on level 5 of the Lair of Beasts)
 21296 | Lair:5   | Received a gift from Nemelex Xobeh
 21456 | Lair:5   | Killed Fidonwoo's ghost
 21564 | Lair:5   | Got a ring of the Octopus King
 21566 | Lair:5   | Identified a ring of the Octopus King {MP+9 AC+1 EV+1 Str+1 Int+1 Dex+1} (You found it on level 5 of the Lair of Beasts)
 21587 | Lair:6   | Entered Level 6 of the Lair of Beasts
 21998 | Lair:5   | Reached skill level 3 in Shields
 22517 | Lair:6   | Found a staircase to the Slime Pits.
 22794 | Lair:6   | Received a gift from Nemelex Xobeh
 23584 | Lair:6   | Received a gift from Nemelex Xobeh
 23976 | Lair:6   | Reached skill level 10 in Invocations
 23991 | Lair:6   | Noticed a dire elephant
 23991 | Lair:6   | Noticed a dire elephant
 23992 | Lair:6   | Noticed a dire elephant
 24005 | Lair:6   | Killed a dire elephant
 24005 | Lair:6   | Reached skill level 10 in Spellcasting
 24006 | Lair:6   | Killed a dire elephant
 24006 | Lair:6   | Reached skill level 4 in Shields
 24013 | Lair:6   | Killed a dire elephant
 24013 | Lair:6   | Reached skill level 13 in Fire Magic
 24260 | Lair:6   | Noticed a dire elephant
 24291 | Lair:6   | Killed a dire elephant
 24345 | Lair:6   | Reached skill level 10 in Fighting
 24465 | Lair:6   | Noticed a dire elephant
 24478 | Lair:6   | Killed a dire elephant
 24937 | D:11     | Noticed Erolcha
 24939 | D:11     | Reached XP level 14. HP: 100/121 MP: 21/28
 24939 | D:11     | Killed Erolcha
 25461 | D:11     | Received a gift from Nemelex Xobeh
 25973 | D:12     | Noticed Fannar
 25978 | D:12     | Killed Fannar
 26345 | D:12     | Identified the +6 mace of the Harvest {crush, Int+4} (You found it on level 12 of the Dungeon)
 26769 | D:12     | Reached skill level 11 in Invocations
 27014 | D:12     | Found a staircase to the Orcish Mines.
 27064 | D:12     | Received a gift from Nemelex Xobeh
 27280 | D:12     | Reached skill level 11 in Spellcasting
 27711 | D:13     | Received a gift from Nemelex Xobeh
 28505 | D:13     | Reached skill level 14 in Fire Magic
 28962 | D:13     | Reached skill level 12 in Invocations
 29281 | D:13     | Reached skill level 12 in Spellcasting
 29886 | D:13     | Found a gate to the Vaults.
 29925 | D:13     | Received a gift from Nemelex Xobeh
 30096 | D:14     | Found Zicyhoos's Antique Weapon Boutique.
 30119 | D:14     | Found Utoeb's Assorted Antiques.
 30233 | D:14     | Received a gift from Nemelex Xobeh
 30243 | D:14     | Found Sir Bol's Jewellery Shop.
 30530 | D:14     | Found Itomaohi's Magic Scroll Shop.
 30535 | D:14     | Bought a scroll of random uselessness for 16 gold pieces
 30535 | D:14     | Bought a scroll of identify for 32 gold pieces
 30535 | D:14     | Bought a scroll of identify for 32 gold pieces
 30535 | D:14     | Bought a scroll of identify for 32 gold pieces
 30536 | D:14     | Identified 2 potions of resistance
 30557 | D:14     | Noticed Josephine
 30560 | D:14     | Killed Josephine
 30679 | D:14     | Reached XP level 15. HP: 126/126 MP: 24/31
 30781 | D:14     | Received a gift from Nemelex Xobeh
 31199 | D:15     | Entered Level 15 of the Dungeon
 31199 | D:15     | Received a gift from Nemelex Xobeh
 31749 | D:15     | Noticed a fire giant
 32101 | D:3      | Killed Sigmund
 32384 | Swamp:1  | Entered Level 1 of the Swamp
 32399 | Swamp:1  | Noticed a thorn hunter
 32409 | Swamp:1  | Killed a thorn hunter
 32553 | Swamp:1  | Reached skill level 13 in Invocations
 32734 | Swamp:1  | Reached skill level 13 in Spellcasting
 33258 | Swamp:1  | Reached skill level 15 in Fire Magic
 33707 | Swamp:1  | Received a gift from Nemelex Xobeh
 34072 | Swamp:1  | Found a large runed door.
 34073 | Swamp:1  | Found a large runed door.
 34077 | Swamp:1  | Noticed P0WERM0DE's ghost (journeyman DDFi)
 34261 | Swamp:1  | Identified a scroll of acquirement
 34430 | Swamp:2  | Noticed a thorn hunter
 34435 | Swamp:2  | Killed a thorn hunter
 34557 | Swamp:2  | Received a gift from Nemelex Xobeh
 35546 | Swamp:2  | Received a gift from Nemelex Xobeh
 36279 | Swamp:3  | Noticed a thorn hunter
 36282 | Swamp:3  | Killed a thorn hunter
 36889 | Swamp:3  | Reached skill level 14 in Invocations
 37130 | Swamp:3  | Reached skill level 14 in Spellcasting
 37197 | Swamp:3  | Reached XP level 16. HP: 134/134 MP: 26/34
 37207 | Swamp:3  | Learned a level 8 spell: Ignition
 37209 | Swamp:3  | Received a gift from Nemelex Xobeh
 37921 | Swamp:4  | Entered Level 4 of the Swamp
 38204 | Swamp:4  | Learned a level 5 spell: Lightning Bolt
 38208 | Swamp:4  | Learned a level 3 spell: Regeneration
 38298 | Swamp:4  | Noticed a thorn hunter
 38328 | Swamp:4  | Killed a thorn hunter
 38449 | Swamp:4  | Noticed a thorn hunter
 38453 | Swamp:4  | Killed a thorn hunter
 38594 | Swamp:4  | Received a gift from Nemelex Xobeh
 39103 | Swamp:4  | Reached skill level 16 in Fire Magic
 39814 | Swamp:4  | Noticed the 27-headed Lernaean hydra
 40178 | Swamp:4  | Killed the 27-headed Lernaean hydra
 40420 | Swamp:4  | Reached skill level 17 in Fire Magic
 40840 | Swamp:4  | Got a decaying rune of Zot
 40850 | Swamp:4  | Received a gift from Nemelex Xobeh
 41077 | Snake:1  | Entered Level 1 of the Snake Pit
 42752 | Snake:1  | Received a gift from Nemelex Xobeh
 42958 | Snake:1  | Received a gift from Nemelex Xobeh
 43953 | Snake:2  | Reached skill level 18 in Fire Magic
 43992 | Snake:2  | Reached XP level 17. HP: 93/140 MP: 21/35
 44285 | Snake:2  | Noticed Vashnia
 44331 | Snake:3  | Found Cohag's Magic Scroll Boutique.
 44359 | Snake:3  | Received a gift from Nemelex Xobeh
 45538 | Snake:3  | Found Holaikel's Food Shop.
 46007 | Snake:3  | Received a gift from Nemelex Xobeh
 46008 | Snake:3  | Found Naif's Assorted Antiques.
 46203 | Snake:3  | Reached skill level 19 in Fire Magic
 46486 | Snake:3  | Found Baetet's Gadget Emporium.
 46649 | Snake:3  | Found Cown's Antique Weapon Boutique.
 46909 | Snake:4  | Entered Level 4 of the Snake Pit
 47282 | Snake:4  | Received a gift from Nemelex Xobeh
 47313 | Snake:4  | Noticed Agnes
 47688 | Snake:4  | Reached skill level 15 in Spellcasting
 48189 | Snake:4  | Killed Agnes
 49999 | Snake:4  | Found a glowing silver altar of Zin.
 50261 | Snake:4  | Reached skill level 16 in Spellcasting
 50308 | Snake:4  | Reached XP level 18. HP: 147/147 MP: 24/38
 51453 | Snake:4  | Received a gift from Nemelex Xobeh
 51474 | Snake:4  | Got a serpentine rune of Zot
 51711 | Orc:1    | Entered Level 1 of the Orcish Mines
 51711 | Orc:1    | Found Nytuikage's Assorted Antiques.
 51711 | Orc:1    | Noticed Gastronok
 51714 | Orc:1    | Reached skill level 4 in Dodging
 51717 | Orc:1    | Killed Gastronok
 51717 | Orc:1    | Reached skill level 20 in Fire Magic
 52012 | Orc:1    | Found a radiant altar of Vehumet.
 52013 | Orc:1    | Found Tejiudob's Jewellery Shoppe.
 52156 | Orc:1    | Found Noerphusch's Magic Scroll Shop.
 52237 | Orc:1    | Bought a scroll of enchant armour for 90 gold pieces
 52276 | Orc:1    | Found Zealoi's Antique Weapon Shop.
 52291 | Orc:1    | Found Zyesiymu's Armour Shop.
 52385 | Orc:1    | Received a gift from Nemelex Xobeh
 52556 | Orc:1    | Received a gift from Nemelex Xobeh
 52620 | Orc:2    | Entered Level 2 of the Orcish Mines
 52784 | Orc:2    | Noticed Donald
 52788 | Orc:2    | Killed Donald
 52955 | Orc:2    | Found Xukhylup's Antique Armour Shop.
 53223 | Orc:2    | Found Maall's Antique Weapon Shoppe.
 53227 | Orc:2    | Found Ajeaz's Book Shop.
 53280 | Orc:2    | Found Qiureghi's General Store.
 53396 | Orc:2    | Noticed Sonja
 53401 | Orc:2    | Killed Sonja
 53552 | Orc:2    | Received a gift from Nemelex Xobeh
 53793 | Orc:2    | Received a gift from Nemelex Xobeh
 53795 | Orc:2    | Found a staircase to the Elven Halls.
 53885 | Orc:2    | Bought a book of Fire for 845 gold pieces
 53892 | Orc:2    | Learned a level 6 spell: Bolt of Fire
 53907 | Orc:2    | Bought a shiny buckler for 232 gold pieces
 54028 | D:14     | Bought a runed fustibalus for 504 gold pieces
 54326 | D:15     | Reached skill level 11 in Fighting
 54535 | D:15     | Reached skill level 5 in Dodging
 54922 | D:15     | Found a staircase to the Depths.
 54931 | D:15     | Reached skill level 1 in Air Magic
 54949 | D:15     | Reached skill level 1 in Slings
 55374 | D:15     | Received a gift from Nemelex Xobeh
 55795 | Vaults:1 | Entered Level 1 of the Vaults
 55969 | Vaults:1 | Reached skill level 15 in Invocations
 55999 | Vaults:1 | Reached skill level 2 in Air Magic
 55999 | Vaults:1 | Reached skill level 2 in Slings
 56710 | Vaults:1 | Received a gift from Nemelex Xobeh
 57018 | Vaults:1 | Received a gift from Nemelex Xobeh
 57130 | Vaults:1 | Reached skill level 13 in Conjurations
 57139 | Vaults:1 | Reached skill level 3 in Air Magic
 57140 | Vaults:1 | Reached XP level 19. HP: 108/158 MP: 12/39
 57812 | Vaults:1 | Reached skill level 3 in Slings
 57909 | Vaults:1 | Received a gift from Nemelex Xobeh
 57928 | Vaults:1 | Found Nuig's General Store.
 58795 | Vaults:2 | Reached skill level 17 in Spellcasting
 59005 | Vaults:2 | Received a gift from Nemelex Xobeh
 59387 | Vaults:2 | Reached skill level 12 in Fighting
 60775 | Vaults:2 | Reached skill level 1 in Polearms
 61270 | Vaults:2 | Found a staircase to the Crypt.
 61270 | Vaults:2 | Found a basalt altar of Yredelemnul.
 61271 | Vaults:2 | Found an ancient bone altar of Kikubaaqudgha.
 61541 | Vaults:2 | Received a gift from Nemelex Xobeh
 62390 | Vaults:3 | Reached skill level 2 in Polearms
 62990 | Vaults:3 | Received a gift from Nemelex Xobeh
 62997 | Vaults:3 | Reached skill level 4 in Slings
 63105 | Vaults:3 | Reached XP level 20. HP: 108/169 MP: 31/41
 63216 | Vaults:3 | Reached skill level 16 in Invocations
 63768 | Vaults:3 | Reached skill level 3 in Polearms
 64990 | Vaults:3 | Received a gift from Nemelex Xobeh
 65047 | Vaults:3 | Reached skill level 6 in Dodging
 65265 | Vaults:3 | Reached skill level 14 in Conjurations
 66074 | Vaults:4 | Reached skill level 5 in Slings
 66287 | Vaults:4 | Received a gift from Nemelex Xobeh
 66515 | Vaults:4 | Reached skill level 13 in Fighting
 66694 | Vaults:4 | Found Tuoshro's Magic Scroll Shop.
 66695 | Vaults:4 | Identified the cursed +0 battleaxe of the Madman {chop, rElec MR- Str+7 SInv} (You found it on level 4 of the Vaults)
 66700 | Vaults:4 | Bought a scroll of enchant armour for 112 gold pieces
 66700 | Vaults:4 | Bought a scroll of enchant armour for 112 gold pieces
 66954 | Vaults:4 | Found an opulent altar of Gozag.
 67592 | Vaults:4 | Received a gift from Nemelex Xobeh
 67649 | Vaults:4 | Reached skill level 21 in Fire Magic
 68168 | Vaults:4 | Received a gift from Nemelex Xobeh
 68240 | Vaults:4 | Reached skill level 18 in Spellcasting
 68242 | Vaults:4 | Reached skill level 7 in Dodging
 68842 | Elf:1    | Entered Level 1 of the Elven Halls
 69100 | Elf:1    | Reached XP level 21. HP: 176/179 MP: 19/43
 69201 | Elf:1    | Received a gift from Nemelex Xobeh
 69215 | Elf:1    | Found a frozen archway.
 69240 | IceCv    | Entered an ice cave
 70082 | Elf:1    | Got a pair of transparent boots
 70083 | Elf:1    | Identified the +2 pair of boots "Ruilic" {rPois Str-5 Dex+2} (You acquired it on level 1 of the Elven Halls)
 70182 | Elf:1    | Received a gift from Nemelex Xobeh
 70437 | Elf:1    | Identified Feiwn's Reference Book on Black Magic
 70600 | Elf:2    | Found Laodd's Food Shoppe.
 70642 | Elf:2    | Reached skill level 4 in Air Magic
 71317 | Elf:2    | Found a huge runed gate.
 71317 | Elf:2    | Found a huge runed gate.
 71317 | Elf:2    | Found a huge runed gate.
 71317 | Elf:2    | Found a huge runed gate.
 71320 | Elf:2    | Found a huge runed gate.
 71376 | Elf:3    | Entered Level 3 of the Elven Halls
 71420 | Elf:3    | Found a flickering gateway to a bazaar.
 71434 | Bazaar   | Entered a bazaar
 71436 | Bazaar   | Found Dagobamp's Antique Weapon Boutique.
 71437 | Bazaar   | Received a gift from Nemelex Xobeh
 71441 | Bazaar   | Found Owujis's Gadget Boutique.
 71441 | Bazaar   | Found Koja's Antique Weapon Boutique.
 71442 | Bazaar   | Found Tizic's Armour Boutique.
 71467 | Bazaar   | Bought a wand of digging (8) for 288 gold pieces
 71803 | Elf:3    | Received a gift from Nemelex Xobeh
 72446 | Elf:3    | Identified the Volume of the Entourage
 72508 | Elf:3    | Received a gift from Nemelex Xobeh
 72737 | Elf:3    | Reached skill level 17 in Invocations
 73057 | Elf:3    | Reached skill level 8 in Dodging
 73057 | Elf:3    | Reached skill level 5 in Air Magic
 73467 | Elf:3    | Reached skill level 14 in Fighting
 74037 | Elf:3    | Reached skill level 15 in Conjurations
 74498 | Elf:3    | Got an ancient brass ring
 74499 | Elf:3    | Identified the ring "Zegib" {MP+9 AC+2 Int-2 Dex+5 SInv} (You took it off a deep elf archer on level 3 of the Elven Halls)
 74651 | Elf:3    | Identified the Handbook of Hexes
 74805 | Elf:3    | Identified Hufi's Collected Works on Torrid Transformation
 74840 | Elf:3    | Learned a level 2 spell: Blink
 74922 | Elf:3    | Received a gift from Nemelex Xobeh
 74957 | Elf:3    | Learned a level 6 spell: Iron Shot
 75025 | Orc:2    | Bought a manual of Slings for 1435 gold pieces
 75133 | Depths:1 | Entered Level 1 of the Depths
 75149 | Depths:1 | Reached skill level 1 in Earth Magic
 75731 | Depths:1 | Reached skill level 2 in Earth Magic
 76269 | Depths:1 | Received a gift from Nemelex Xobeh
 76282 | Depths:1 | Found Tuor's Jewellery Shoppe.
 76293 | Depths:1 | Found a one-way gate to the infinite horrors of the Abyss.
 76735 | Depths:1 | Found a gateway to Hell.
 76866 | Depths:1 | Found Vuetis's Weapon Emporium.
 76908 | Depths:2 | Reached XP level 22. HP: 190/190 MP: 44/44
 76943 | Depths:2 | Reached skill level 3 in Earth Magic
 77605 | Depths:2 | Reached skill level 4 in Earth Magic
 77891 | Depths:2 | Reached skill level 6 in Slings
 77984 | Depths:2 | Received a gift from Nemelex Xobeh
 78000 | Depths:2 | Reached skill level 9 in Dodging
 78429 | Depths:2 | Identified a potion of experience
 78436 | Depths:2 | Reached skill level 5 in Earth Magic
 78436 | Depths:2 | Reached XP level 23. HP: 196/196 MP: 45/45
 78500 | Depths:2 | Received a gift from Nemelex Xobeh
 79076 | Depths:2 | Identified the +6 hunting sling of Bicuopnuewe {velocity, rF- Dex+5} (You took it off an orc knight on level 2 of the Depths)
 79141 | Depths:2 | Reached skill level 7 in Slings
 79211 | Depths:2 | Found an iron altar of Okawaru.
 79515 | Depths:2 | Found a one-way gate leading to the halls of Pandemonium.
 79738 | Depths:2 | Reached skill level 6 in Earth Magic
 80066 | Depths:2 | Received a gift from Nemelex Xobeh
 80673 | Depths:3 | Noticed Nikola
 80685 | Depths:3 | Killed Nikola
 80685 | Depths:3 | Reached skill level 19 in Spellcasting
 81716 | Depths:3 | Received a gift from Nemelex Xobeh
 81834 | Depths:3 | Found a large runed door.
 81834 | Depths:3 | Found a large runed door.
 81835 | Depths:3 | Noticed Wient's ghost (veteran HaFi)
 81882 | Depths:3 | Noticed Boris
 81888 | Depths:3 | Killed Boris
 82155 | Depths:3 | Found a corrupted altar of Lugonu.
 82159 | Depths:3 | Received a gift from Nemelex Xobeh
 82416 | Depths:4 | Reached skill level 15 in Fighting
 82423 | Depths:4 | Reached skill level 8 in Slings
 82423 | Depths:4 | Reached skill level 7 in Earth Magic
 82917 | Depths:4 | Received a gift from Nemelex Xobeh
 83027 | Depths:4 | Found a gateway to a ziggurat.
 83347 | D:11     | You paid a toll of a +7 demon whip to enter a treasure trove
 83348 | Trove    | Entered a treasure trove
 83424 | Trove    | Learned a level 7 spell: Spellforged Servitor
 83603 | Snake:2  | Killed Vashnia
 84306 | Depths:4 | Reached skill level 1 in Summonings
 84544 | Depths:4 | Received a gift from Nemelex Xobeh
 85302 | Depths:5 | Entered Level 5 of the Depths
 85317 | Depths:5 | Reached skill level 8 in Earth Magic
 85367 | Depths:5 | Reached XP level 24. HP: 179/207 MP: 21/46
 85368 | Depths:5 | Reached skill level 2 in Summonings
 85568 | Depths:5 | Reached skill level 10 in Dodging
 85573 | Depths:5 | Reached skill level 9 in Slings
 85964 | Depths:5 | Reached skill level 3 in Summonings
 85968 | Depths:5 | Reached skill level 16 in Conjurations
 86478 | Depths:5 | Received a gift from Nemelex Xobeh
 86676 | Depths:5 | Noticed Sojobo
 86722 | Depths:5 | Noticed a caustic shrike
 86722 | Depths:5 | a brown very ugly thing changed into a caustic shrike
 86729 | Depths:5 | Killed a caustic shrike
 87019 | Depths:5 | Killed Sojobo
 87019 | Depths:5 | Reached skill level 10 in Slings
 87019 | Depths:5 | Reached skill level 4 in Summonings
 87296 | Depths:5 | Received a gift from Nemelex Xobeh
 88399 | Depths:5 | Found a gate to the Realm of Zot.
 88818 | Vaults:5 | Entered Level 5 of the Vaults
 88819 | Vaults:5 | Reached skill level 5 in Summonings
 88828 | Vaults:5 | Reached skill level 11 in Slings
 88988 | Vaults:5 | Reached skill level 16 in Fighting
 89274 | Vaults:5 | Received a gift from Nemelex Xobeh
 89281 | Vaults:5 | Reached skill level 6 in Summonings
 89434 | Vaults:5 | Reached skill level 20 in Spellcasting
 89779 | Vaults:5 | Reached skill level 12 in Slings
 89779 | Vaults:5 | Reached XP level 25. HP: 157/218 MP: 47/47
 89785 | Vaults:4 | Reached skill level 7 in Summonings
 90303 | Vaults:5 | Reached skill level 17 in Conjurations
 90759 | Vaults:5 | Got a faintly glowing platinum ring
 90761 | Vaults:5 | Identified the ring "Neym" {rCorr rC+} (You took it off a frost giant on level 5 of the Vaults)
 90926 | Vaults:5 | Identified the +1 scimitar of Bidammic {holy, rElec rC+++ Str-2 Int+5} (You took it off a deep elf mage on level 5 of the Vaults)
 91018 | Vaults:5 | Got a silver rune of Zot
 91557 | Vaults:5 | Received a gift from Nemelex Xobeh
 91731 | Vaults:5 | Identified Muuczu Kant's Grimoire of Good Luck and Shape Shifting
 91737 | Vaults:5 | Learned a level 3 spell: Ozocubu's Armour
 92442 | Zot:1    | Entered Level 1 of the Realm of Zot
 92732 | Depths:5 | Reached skill level 8 in Summonings
 92795 | Zot:1    | Reached skill level 13 in Slings
 92798 | Zot:1    | Noticed Tiamat
 92803 | Zot:1    | Reached skill level 17 in Fighting
 92829 | Zot:1    | Received a gift from Nemelex Xobeh
 92845 | Zot:1    | Killed Tiamat
 93249 | Zot:1    | Received a gift from Nemelex Xobeh
 93408 | Zot:1    | Identified the cursed +0 battleaxe of Ceonaiqu {vamp, rPois rC++ Stlth-} (You found it on level 1 of the Realm of Zot)
 93625 | Zot:2    | Received a gift from Nemelex Xobeh
 93968 | Zot:2    | Noticed a curse toe
 93974 | Zot:2    | Killed a curse toe
 94173 | Zot:2    | Reached skill level 9 in Summonings
 94938 | Zot:2    | Found a sacrificial altar of Ru.
 95143 | Zot:2    | Received a gift from Nemelex Xobeh
 95218 | Zot:2    | Noticed a curse skull
 95223 | Zot:2    | Killed a curse skull
 96060 | Zot:3    | Received a gift from Nemelex Xobeh
 96089 | Zot:3    | Reached XP level 26. HP: 207/229 MP: 34/47
 96092 | Zot:3    | Noticed an electric golem
 96130 | Zot:3    | Killed an electric golem
 96305 | Zot:3    | Noticed a curse toe
 96337 | Zot:3    | Reached skill level 21 in Spellcasting
 96595 | Zot:3    | Killed a curse toe
 96838 | Zot:3    | Reached skill level 10 in Summonings
 96839 | Zot:3    | Reached skill level 14 in Slings
 97064 | Zot:3    | Received a gift from Nemelex Xobeh
 97075 | Zot:3    | Reached skill level 18 in Conjurations
 97413 | Zot:3    | Found Dehaosk's Changing Room.
 97426 | Zot:3    | Bought a potion of mutation for 120 gold pieces
 97792 | Zot:4    | Reached skill level 18 in Fighting
 97969 | Zot:4    | Noticed a curse toe
 97988 | Zot:4    | Killed a curse toe
 98292 | Zot:4    | Received a gift from Nemelex Xobeh
 99074 | Zot:4    | Received a gift from Nemelex Xobeh
 99120 | Zot:4    | Reached skill level 11 in Summonings
 99459 | Zot:4    | Received a gift from Nemelex Xobeh
 99888 | Zot:5    | Entered Level 5 of the Realm of Zot
100125 | Zot:5    | Reached skill level 4 in Polearms
100556 | Zot:5    | Noticed an ancient lich
100567 | Zot:5    | Killed an ancient lich
100567 | Zot:5    | Reached skill level 5 in Polearms
100643 | Zot:5    | Noticed an electric golem
100651 | Zot:5    | Killed an electric golem
100730 | Zot:5    | Noticed an ancient lich
100734 | Zot:5    | Killed an ancient lich
100991 | Zot:5    | Reached skill level 19 in Fighting
100991 | Zot:5    | Reached skill level 22 in Spellcasting
100991 | Zot:5    | Reached XP level 27. HP: 243/243 MP: 32/49
100995 | Zot:5    | Reached skill level 11 in Dodging
101444 | Zot:5    | Noticed an ancient lich
101451 | Zot:5    | Killed an ancient lich
101451 | Zot:5    | Reached skill level 6 in Polearms
101533 | Zot:5    | Noticed an ancient lich
101533 | Zot:5    | Noticed an electric golem
101538 | Zot:5    | Killed an ancient lich
101544 | Zot:5    | Killed an electric golem
101866 | Zot:5    | Found a runed door.
101866 | Zot:5    | Found a shimmering altar of Xom.
101866 | Zot:5    | Noticed btonasse's ghost (veteran DDFi)
101969 | Zot:5    | Noticed an ancient lich
101972 | Zot:5    | Noticed an orb of fire
101980 | Zot:5    | Killed an ancient lich
101986 | Zot:5    | Killed an orb of fire
101986 | Zot:5    | Reached skill level 7 in Polearms
101992 | Zot:5    | Noticed an ancient lich
102889 | Zot:5    | Killed an ancient lich
103013 | Zot:5    | Received a gift from Nemelex Xobeh
103057 | Zot:5    | Noticed an ancient lich
103065 | Zot:5    | Killed an ancient lich
103565 | Zot:5    | Reached skill level 8 in Polearms
103570 | Zot:5    | Reached skill level 12 in Dodging
103759 | Zot:5    | Noticed an orb of fire
103760 | Zot:5    | Gained mutation: Your body sometimes deteriorates upon taking damage. [an orb of fire]
103774 | Zot:5    | Killed an orb of fire
105000 | Zot:5    | Noticed an orb of fire
105003 | Zot:5    | Reached skill level 9 in Polearms
105130 | Zot:5    | Gained mutation: Scrolls take you a little longer to read. [an orb of fire]
105141 | Zot:5    | Gained mutation: You are occasionally teleported next to monsters. [an orb of fire]
105142 | Zot:5    | Killed an orb of fire
105142 | Zot:5    | Reached skill level 20 in Fighting
105465 | Zot:5    | Lost mutation: Scrolls take you a little longer to read. [potion of mutation]
105465 | Zot:5    | Lost mutation: Your body sometimes deteriorates upon taking damage. [potion of mutation]
105465 | Zot:5    | Lost mutation: You are occasionally teleported next to monsters. [potion of mutation]
105465 | Zot:5    | Gained mutation: You are clumsy. (Dex -2) [potion of mutation]
105465 | Zot:5    | Gained mutation: You have sharp fingernails. [potion of mutation]
106458 | Zot:5    | Found a runed door.
106458 | Zot:5    | Found a shimmering altar of Xom.
107233 | Zot:5    | Got the Orb of Zot
107240 | Zot:5    | Noticed Nuacuoh the pandemonium lord
107615 | D:13     | Noticed Jauseoq the pandemonium lord
107879 | D:3      | Noticed Natasha
107880 | D:3      | Killed Natasha
107972 | D:$      | Escaped with the Orb!

Vanquished Creatures
  An orb of fire (Zot:5)
  4 ancient liches (Zot:5)
  Boris (Depths:3)
  Vashnia (Snake:2)
  3 curse toes
  4 Killer Klowns
  Nikola (Depths:3)
  7 golden dragons
  3 electric golems
  3 liches
  9 tentacled monstrosities
  25 Orb Guardians
  3 deep elf blademasters
  2 deep elf master archers (Elf:3)
  3 titans
  7 death cobs
  4 quicksilver dragons
  4 sphinxes
  7 shadow dragons
  5 tengu reavers
  Gastronok (Orc:1)
  Agnes (Snake:4)
  10 draconian monks
  5 fire giants
  5 thorn hunters
  Donald (Orc:2)
  7 nagarajas
  4 draconian knights
  9 storm dragons
  6 frost giants
  2 orc warlords (Orc:2)
  A ghost moth (shapeshifter) (Zot:2)
  5 deep elf sorcerers
  14 vault wardens
  A curse skull (Zot:2)
  7 draconian scorchers
  4 deep elf elementalists
  8 draconian shifters
  5 draconian stormcallers
  15 ironheart preservers
  The ghost of Fidonwoo the Geomancer, a journeyman GrEE of Vehumet (Lair:5)
  3 spriggan defenders
  4 draconian annihilators
  28 stone giants
  26 very ugly things
  2 war gargoyles (Vaults:4)
  3 vampire knights (Depths:2)
  13 black draconians
  10 green draconians
  6 deep elf demonologists
  13 yellow draconians
  8 spark wasps
  6 red draconians
  9 purple draconians
  9 white draconians
  2 dire elephants (Lair:6)
  9 deep elf death magi
  9 deep elf annihilators
  A minotaur (Zot:5)
  An ettin (shapeshifter) (Vaults:5)
  17 ettins
  A merfolk impaler (Depths:2)
  Josephine (D:14)
  16 yaktaur captains
  13 fire dragons
  5 great orbs of eyes
  Fannar (D:12)
  12 deep elf high priests
  11 naga warriors
  3 spriggan air magi
  23 hydras
  5 ice dragons
  6 rakshasas
  29 vault guards
  17 anacondas
  4 dancing weapons
  9 ogre magi
  2 death knights (Vaults:3)
  13 centaur warriors
  3 death yaks (Lair:5)
  25 two-headed ogres
  6 orc high priests
  6 tengu warriors
  7 shock serpents
  2 hell knights (Depths:5)
  6 deep troll shamans
  14 alligators
  3 deep troll earth magi
  6 spriggans
  2 spriggan berserkers
  12 naga sharpshooters
  22 deep elf knights
  Sonja (Orc:2)
  A sixfirhy (D:11)
  3 salamander mystics
  A torturous demonspawn (Depths:3)
  A shadow wraith (Vaults:1)
  A spark wasp zombie (Depths:2)
  5 skeletal warriors (Vaults:2)
  9 swamp dragons
  5 glowing orange brains
  20 deep trolls
  A wizard (Vaults:3)
  A shadow demon (Depths:3)
  A swamp dragon (shapeshifter) (Depths:2)
  3 unseen horrors
  2 spriggan druids (Swamp:4)
  3 flayed ghosts
  5 phantasmal warriors
  18 deep elf archers
  A lindwurm (Lair:6)
  4 necromancers
  16 ironbrand convokers
  10 naga ritualists
  4 shambling mangroves
  68 deep elf magi
  An orb spider (shapeshifter) (Depths:1)
  32 orc knights
  4 mana vipers
  A faun (shapeshifter) (D:10)
  An orb spider (Zot:2)
  2 manticores
  A wolf spider zombie (D:13)
  2 wolf spiders
  8 orc sorcerers
  52 ugly things
  A frost giant zombie (Depths:2)
  A cyclops (shapeshifter) (Vaults:5)
  A centaur zombie (D:13)
  24 moths of wrath
  8 cyclopes
  7 salamanders
  An elephant (shapeshifter) (Depths:1)
  15 elephants
  9 vault sentinels
  A small abomination (Zot:2)
  13 guardian serpents
  2 gargoyles
  5 ice statues (IceCv)
  33 black mambas
  A torpor snail (shapeshifter) (Vaults:4)
  15 naga magi
  Maurice (D:8)
  2 rust devils (Depths:3)
  18 spiny frogs
  28 yaktaurs
  3 komodo dragons
  2 kobold demonologists
  6 rime drakes
  An entropy weaver simulacrum (Vaults:2)
  6 freezing wraiths
  A yaktaur (shapeshifter) (Elf:1)
  2 anaconda simulacra (IceCv)
  An efreet (D:13)
  6 harpy zombies (Zot:2)
  A troll (shapeshifter) (Depths:1)
  A merfolk (Snake:1)
  A jumping spider (shapeshifter) (Vaults:5)
  A queen bee (Lair:1)
  12 trolls
  2 tengu conjurers (Depths:3)
  13 hornets
  3 polar bears
  A polar bear (shapeshifter) (Vaults:4)
  44 slime creatures
  11 tyrant leeches
  9 bog bodies
  A dream sheep (shapeshifter) (Vaults:5)
  8 blink frogs
  A raiju (shapeshifter) (Vaults:4)
  4 raiju (Zot:2)
  9 hippogriffs
  A hippogriff (shapeshifter) (Vaults:2)
  Sigmund (D:3)
  4 dream sheep (Lair:4)
  3 air elementals
  3 shadows
  11 water elementals
  2 centaur simulacra (D:15)
  2 yaks (shapeshifter)
  2 vampires
  A basilisk (D:9)
  A dire elephant simulacrum (IceCv)
  40 yaks
  A spriggan simulacrum (Depths:2)
  A fire bat (shapeshifter) (Vaults:1)
  A wyvern (D:8)
  A wyvern (shapeshifter) (Vaults:3)
  10 wraiths
  A chaos spawn (Depths:3)
  A fire elemental (Elf:2)
  21 vampire mosquitoes
  Grum (D:8)
  13 insubstantial wisps
  3 hungry ghosts
  A neqoxec (D:1)
  A large abomination (Elf:1)
  2 human simulacra (Vaults:1)
  A steam dragon (D:13)
  A soldier ant (D:13)
  4 harpy simulacra
  45 nagas
  12 swamp worms
  2 acid dragons
  13 wargs
  A hydra simulacrum (IceCv)
  A floating eye (shapeshifter) (Vaults:4)
  2 iron troll simulacra (IceCv)
  9 water moccasins
  9 porcupines
  59 orc warriors
  2 black bears (shapeshifter)
  11 swamp drakes
  13 ice beasts
  An eye of draining (D:15)
  A hornet zombie (D:8)
  A black bear (D:11)
  A necrophage (D:8)
  An eye of draining (shapeshifter) (Vaults:2)
  16 boggarts
  A phantom (D:14)
  32 ogres
  24 centaurs
  15 wolves
  A big kobold (shapeshifter) (Vaults:2)
  6 crocodiles
  5 elf zombies (Elf:1)
  A big kobold (D:10)
  8 bullfrogs
  4 earth elementals
  A wyvern skeleton (D:12)
  3 scorpions
  29 killer bees
  19 wights
  3 electric eels
  8 crimson imps
  3 bullfrog zombies
  10 hounds
  4 lava snakes (Lair:4)
  A quasit (D:3)
  22 orc priests
  3 centaur skeletons
  4 human zombies
  7 bullfrog skeletons
  10 jellies
  30 orc wizards
  Crazy Yiuf (D:6)
  7 iguanas
  Natasha (D:3)
  10 worker ants
  A killer bee zombie (D:7)
  2 hound skeletons
  4 mummies (D:9)
  A howler monkey zombie (D:6)
  A worker ant zombie (D:8)
  2 gnolls
  11 adders
  3 shadow imps
  5 white imps (D:15)
  An ufetubus (D:15)
  7 oozes
  An adder zombie (D:7)
  A worm (shapeshifter) (Depths:4)
  4 worms
  3 leopard geckos
  130 orcs
  8 giant cockroaches
  6 goblins
  4 hobgoblins
  10 jackals
  24 kobolds
  2 quokkas
  4 ball pythons
  8 bats
  12 frilled lizards
  An orc skeleton (D:9)
  9 rats
  A spectral orc (D:5)
  3 briar patches (Swamp:1)
  A fungus (Lair:1)
  10 plants
2185 creatures vanquished.

Vanquished Creatures (collateral kills)
  Tiamat (Zot:1)
  2 orbs of fire (Zot:5)
  3 ancient liches (Zot:5)
  Sojobo (Depths:5)
  the Lernaean hydra (Swamp:4)
  A golden dragon (Vaults:5)
  A lich (Depths:4)
  4 tentacled monstrosities
  2 Orb Guardians (Zot:5)
  A titan (Vaults:5)
  A caustic shrike (Depths:5)
  2 death cobs
  A sphinx (Vaults:5)
  A shadow dragon (Zot:5)
  A storm dragon (Vaults:5)
  A nagaraja (Snake:1)
  A deep elf sorcerer (Vaults:5)
  2 fire giants
  A vault warden (Vaults:2)
  3 draconian knights (Zot:5)
  2 orc warlords (Depths:2)
  2 draconian stormcallers
  2 draconian annihilators (Zot:4)
  3 ironheart preservers
  4 very ugly things
  A stone giant (Vaults:2)
  A deep elf demonologist (Elf:3)
  2 deep elf annihilators
  3 dire elephants (Lair:6)
  2 purple draconians (Zot:1)
  A yellow draconian (Zot:5)
  2 black draconians
  A white draconian (Zot:2)
  A spark wasp (Depths:2)
  A yaktaur captain (Vaults:5)
  A deep elf death mage (Zot:2)
  A great orb of eyes (Vaults:5)
  A deep elf high priest (Elf:3)
  Erolcha (D:11)
  A fire dragon (Depths:1)
  A rakshasa (Zot:2)
  A naga warrior (Snake:4)
  A centaur warrior (D:14)
  5 anacondas
  A ghost crab (Swamp:4)
  2 two-headed ogres
  6 dancing weapons
  2 deep troll earth magi
  A naga sharpshooter (Snake:4)
  A spriggan (Swamp:1)
  A sixfirhy (D:11)
  A storm dragon skeleton (Depths:1)
  A deep troll (Vaults:2)
  2 naga ritualists (Snake:1)
  A deep elf archer (Vaults:3)
  A lindwurm (shapeshifter) (Depths:1)
  An orc knight (Vaults:3)
  4 ironbrand convokers
  A necromancer (Elf:1)
  An orb spider (Zot:2)
  A mana viper (Snake:1)
  3 ugly things
  A frost giant zombie (Depths:1)
  2 deep elf magi
  A fire giant zombie (Depths:1)
  A cyclops (Vaults:1)
  A moth of wrath (Zot:1)
  A salamander (Snake:4)
  A stone giant zombie (Depths:1)
  A large abomination (D:11)
  A vault sentinel (Vaults:4)
  3 naga magi
  2 black mambas (Snake:1)
  8 elephants
  A rust devil (D:12)
  A guardian serpent (Snake:4)
  An efreet (D:14)
  2 yaktaurs (Vaults:5)
  A rime drake (Swamp:4)
  A yaktaur zombie (Vaults:4)
  A polar bear (Snake:1)
  A hornet (Swamp:1)
  2 tyrant leeches (Swamp:1)
  2 blink frogs (Lair:1)
  A hippogriff (D:13)
  A deep troll skeleton (Depths:1)
  A vampire (D:12)
  A ynoxinul (D:12)
  8 yaks
  A wyvern (D:13)
  An insubstantial wisp (Swamp:1)
  3 nagas
  A soldier ant (D:11)
  A porcupine (Lair:4)
  A phantom (D:9)
  4 orc warriors
  A sky beast (Depths:5)
  An ogre (D:5)
  5 centaurs
  A small abomination (D:12)
  A bullfrog (D:8)
  An earth elemental (Elf:1)
  A wight (D:6)
  A gnoll shaman (D:10)
  An orc priest (Vaults:3)
  2 orc wizards (D:11)
  Natasha (D:3)
  4 gnolls (D:10)
  2 worms
  A leopard gecko (D:5)
  2 orcs
  7 jackals
  A quokka (D:5)
  A quokka skeleton (D:5)
  3 plants (Depths:4)
200 creatures vanquished.

Vanquished Creatures (others)
  A shadow dragon (Vaults:5)
  A draconian scorcher (Zot:5)
  A purple draconian (Zot:5)
  An ogre mage (D:13)
  A two-headed ogre (D:13)
  A shock serpent (Snake:2)
  A skeletal warrior (D:13)
  An elephant (Lair:3)
  A black mamba (Snake:4)
  A tyrant leech (Swamp:1)
  A yak (Lair:2)
  A warg (Vaults:2)
  An orc warrior (Vaults:2)
  An ogre (Vaults:1)
  6 ball lightnings
  2 orcs (Vaults:2)
  14 fungi
  17 plants
53 creatures vanquished.

Grand Total: 2438 creatures vanquished

Table legend:
 A = Turns spent in this place as a percentage of turns spent in the entire game.
 B = Non-inter-level travel turns spent in this place as a percentage of non-inter-level travel turns spent in the entire game.
 C = Inter-level travel turns spent in this place as a percentage of turns spent in this place.
 D = Turns resting spent in this place as a percentage of non-inter-level travel turns spent in this place.
 E = Turns spent auto-exploring this place as a percentage of non-inter-level travel turns spent in this place.
 F = Non-inter-level travel turns spent in this place divided by the number of levels of this place that you've seen.
                   A       B       C       D       E      F
               +-------+-------+-------+-------+-------+----------------------
         Total | 100.0 | 100.0 |   8.2 |  51.5 |  32.3 | 1834.5
       Dungeon |  21.7 |  20.6 |  12.9 |  41.5 |  41.0 | 1359.1
        Temple |   0.2 |   0.2 |  10.4 |   0.0 |  99.1 | 223.0
          Lair |  11.5 |  11.4 |   8.6 |  50.7 |  34.2 | 1884.2
         Swamp |   8.0 |   8.6 |   1.8 |  59.1 |  25.4 | 2121.0
     Snake Pit |   9.9 |  10.3 |   4.0 |  65.0 |  20.1 | 2559.0
  Orcish Mines |   2.2 |   2.0 |  17.2 |  46.7 |  36.6 | 999.0
   Elven Halls |   5.1 |   5.4 |   4.0 |  44.2 |  33.0 | 1775.0
        Vaults |  14.9 |  15.2 |   6.4 |  51.1 |  32.3 | 3012.2
        Depths |  12.6 |  12.3 |  10.9 |  56.8 |  28.1 | 2429.8
           Zot |  12.6 |  12.7 |   7.8 |  54.8 |  31.3 | 2511.0
        Bazaar |   0.0 |   0.0 |   0.0 |   0.0 |  73.7 |  38.0
         Trove |   0.1 |   0.1 |   0.0 |   0.0 |  51.9 |  81.0
         Sewer |   0.6 |   0.7 |   0.0 |   0.0 |  77.5 | 675.0
      Ice Cave |   0.5 |   0.6 |   0.0 |  68.6 |   5.3 | 548.0
               +-------+-------+-------+-------+-------+----------------------

Table legend:
 A = Non-vault XP
 B = Vault XP
 C = Vault XP percentage of total XP
 D = Non-vault monster count
 E = Vault monster count
 F = Vault count percentage of total count
                 A         B        C        D         E       F
            +---------+---------+-------+---------+---------+-------
      Total |  851072 |  662709 |  43.8 |    1606 |     768 |  32.4
            +---------+---------+-------+---------+---------+-------
        D:1 |      36 |       0 |   0.0 |      24 |       0 |   0.0
        D:2 |      48 |       0 |   0.0 |      12 |       0 |   0.0
        D:3 |      80 |     340 |  81.0 |      16 |      12 |  42.9
        D:4 |     100 |       0 |   0.0 |      14 |       0 |   0.0
        D:5 |     852 |       1 |   0.1 |      23 |       1 |   4.2
        D:6 |    1144 |      49 |   4.1 |      27 |       3 |  10.0
        D:7 |     943 |       0 |   0.0 |      19 |       0 |   0.0
        D:8 |    3248 |     812 |  20.0 |      41 |       5 |  10.9
        D:9 |     486 |    1890 |  79.5 |      11 |      24 |  68.6
       D:10 |    3753 |       0 |   0.0 |      34 |       0 |   0.0
       D:11 |    4655 |     728 |  13.5 |      43 |       2 |   4.4
       D:12 |    9674 |    1592 |  14.1 |      47 |      16 |  25.4
       D:13 |   11319 |    7741 |  40.6 |      39 |      20 |  33.9
       D:14 |    6380 |    1938 |  23.3 |      20 |       5 |  20.0
       D:15 |   13339 |    3376 |  20.2 |      31 |      15 |  32.6
     Lair:1 |    4999 |    1989 |  28.5 |      23 |      26 |  53.1
     Lair:2 |    6460 |       0 |   0.0 |      21 |       0 |   0.0
     Lair:3 |    9805 |    1281 |  11.6 |      35 |       6 |  14.6
     Lair:4 |    2298 |    2433 |  51.4 |      12 |      12 |  50.0
     Lair:5 |    5635 |    1132 |  16.7 |      15 |       1 |   6.2
     Lair:6 |   10103 |    3623 |  26.4 |      19 |      11 |  36.7
    Swamp:1 |   20083 |       0 |   0.0 |      48 |       0 |   0.0
    Swamp:2 |   10449 |       0 |   0.0 |      22 |       0 |   0.0
    Swamp:3 |   16382 |       0 |   0.0 |      38 |       0 |   0.0
    Swamp:4 |   16233 |   19929 |  55.1 |      34 |      25 |  42.4
    Snake:1 |   15695 |       0 |   0.0 |      39 |       0 |   0.0
    Snake:2 |    5979 |    8547 |  58.8 |      12 |       5 |  29.4
    Snake:3 |   26567 |     157 |   0.6 |      45 |       1 |   2.2
    Snake:4 |   15853 |   46961 |  74.8 |      37 |      64 |  63.4
      Orc:1 |    6755 |    2172 |  24.3 |      59 |       1 |   1.7
      Orc:2 |    4171 |   14219 |  77.3 |      26 |      29 |  52.7
      Elf:1 |   22151 |    5313 |  19.3 |      35 |      13 |  27.1
      Elf:2 |   10454 |    1291 |  11.0 |      17 |       2 |  10.5
      Elf:3 |   21228 |   47355 |  69.0 |      39 |      40 |  50.6
   Vaults:1 |   32636 |   11436 |  25.9 |      53 |      26 |  32.9
   Vaults:2 |   37230 |   26378 |  41.5 |      74 |      48 |  39.3
   Vaults:3 |   38847 |   21735 |  35.9 |      63 |      26 |  29.2
   Vaults:4 |   29970 |   34967 |  53.8 |      45 |      36 |  44.4
   Vaults:5 |   18210 |  109871 |  85.8 |      41 |      87 |  68.0
   Depths:1 |   22495 |    3283 |  12.7 |      47 |       5 |   9.6
   Depths:2 |   47827 |   15336 |  24.3 |      55 |      18 |  24.7
   Depths:3 |    8187 |   12893 |  61.2 |      10 |      15 |  60.0
   Depths:4 |   34730 |    9267 |  21.1 |      36 |       7 |  16.3
   Depths:5 |   46853 |   29924 |  39.0 |      50 |      18 |  26.5
      Zot:1 |   23287 |   19289 |  45.3 |      16 |      11 |  40.7
      Zot:2 |   38607 |   32092 |  45.4 |      22 |      41 |  65.1
      Zot:3 |   41215 |       0 |   0.0 |      28 |       0 |   0.0
      Zot:4 |   61806 |   11184 |  15.3 |      39 |       8 |  17.0
      Zot:5 |   81815 |  142457 |  63.5 |      50 |      40 |  44.4
      Sewer |       0 |      55 | 100.0 |       0 |      21 | 100.0
      IceCv |       0 |    7673 | 100.0 |       0 |      22 | 100.0
            +---------+---------+-------+---------+---------+-------
